 Dungeon Crawl Stone Soup version 0.17-a0-1718-g72dbe4d (webtiles) character file.

62 Gargoyl the Skirmisher (level 3, -3/29 HPs)
             Began as a Demonspawn Abyssal Knight on Aug 26, 2015.
             Was a Follower of Lugonu.
             Slain by Natasha (5 damage)
             ... on level 2 of the Dungeon.
             The game lasted 00:02:16 (1359 turns).

Gargoyl the Skirmisher (Demonspawn Abyssal Knight)  Turns: 1359, Time: 00:02:16

Health: -3/29      AC:  4    Str: 13    XL:     3   Next: 85%
Magic:  0/5        EV: 11    Int: 13    God:    Lugonu [*.....]
Gold:   46         SH:  0    Dex: 12    Spells: 0 memorised, 2 levels left

rFire  . . .     SeeInvis .     a - +1 hand axe
rCold  . . .     Clarity  .     b - +0 leather armour
rNeg   . . .     SustAt   .     (no shield)
rPois  .         Gourm    .     j - +0 helmet
rElec  .         Spirit   +     (no cloak)
rCorr  .         Warding  .     (no gloves)
rMut   .         Stasis   .     (no boots)
MR     .....                    (no amulet)
Stlth  +.........               (no ring)
                                (no ring)

@: flying, not resistant to hostile enchantments, very unstealthy
A: talons 1, magic shield
a: Depart the Abyss, Renounce Religion


You were on level 2 of the Dungeon.
You worshipped Lugonu.
Lugonu was aware of your devotion.
You were not hungry.

You visited 1 branch of the dungeon, and saw 2 of its levels.
You visited the Abyss 1 time.

You collected 46 gold pieces.

Inventory:

Hand weapons
 a - a +1 hand axe (weapon)
Armour
 b - a +0 leather armour (worn)
 j - a +0 helmet (worn)
Scrolls
 e - a scroll of noise {unknown}
 g - a scroll of identify {unknown}
 i - a scroll of random uselessness {unknown}
Comestibles
 c - 2 bread rations
 k - 3 fruits
 m - 2 chunks of flesh


   Skills:
 + Level 3.6 Fighting
 + Level 2.3 Axes
 + Level 2.1 Armour
 + Level 1.5 Dodging
 + Level 0.2 Stealth
 + Level 3.0 Invocations


You had 2 spell levels left.
You didn't know any spells.

Dungeon Overview and Level Annotations

Branches:
Dungeon (2/15)

Altars:

Annotations:
D:2 Natasha


Innate Abilities, Weirdness & Mutations

You have sharp toenails.
When hurt, damage is shared between your health and your magic reserves.


Message History

You feel magically purged.
You feel less invigorated.
You feel less confused.
Natasha stares at you and mumbles some strange words.
The magic dart hits you!
* * * LOW HITPOINT WARNING * * *
The crimson imp barely misses you.
Drink which item? (? for menu, Esc to quit)
It was a potion of flight.
You feel very buoyant.
You fly up into the air.
Natasha casts a spell at you. The magic dart hits you!
* * * LOW HITPOINT WARNING * * *
The crimson imp barely misses you.
Use which ability? (? or * to list)
You can't do that.
You closely miss Natasha. You hit the crimson imp.
The crimson imp is moderately wounded.
Natasha claws you.
You die...

#.##......####........#...
#.##.#...........###..#...
####.########.............
#.########..........###
#(##....##..........# #
#((()...##..........###
###......#.............
#......#.......<..###
#...@5.#.......#.## #
#.##h#.#.......#.# #
#.##.#.#.......#.# #
#..... # ......#.# #
####... ### .. ### #...$
#.. #.... #.. ..... #..
##..


You could see Natasha and a crimson imp.

Vanquished Creatures
  Natasha (D:2)
  An ooze (D:1)
  2 giant geckos (D:1)
  A giant cockroach (D:1)
  4 goblins
  A hobgoblin (D:1)
  6 jackals (D:1)
  3 kobolds (D:1)
  4 bats (D:1)
  2 giant newts (D:1)
  3 rats
28 creatures vanquished.

Notes
Turn   | Place    | Note
--------------------------------------------------------------
     0 | Abyss:1  | Gargoyl the Demonspawn Abyssal Knight began the quest for the Orb.
     0 | Abyss:1  | Reached XP level 1. HP: 18/18 MP: 2/2
    30 | Abyss:1  | Noticed a wretched star
    30 | Abyss:1  | Noticed a raiju
    33 | D:1      | Escaped the Abyss
    79 | D:1      | Gained mutation: You have sharp toenails. [demonic ancestry]
    79 | D:1      | Reached XP level 2. HP: 13/24 MP: 4/4
   244 | D:1      | Acquired Lugonu's first power
   851 | D:1      | Reached skill level 1 in Dodging
  1004 | D:1      | Gained mutation: When hurt, damage is shared between your health and your magic reserves. [demonic ancestry]
  1004 | D:1      | Reached XP level 3. HP: 29/29 MP: 5/5
  1320 | D:2      | Noticed Natasha
  1331 | D:2      | Killed Natasha
  1341 | D:2      | Noticed Natasha
  1358 | D:2      | HP: 1/29 [Natasha/magic dart (7)]
  1359 | D:2      | Slain by Natasha

Vault maps used:
D:1:      tarquinn_simple_flora_water_d
D:2:      nicolae_overflow_crystal_walls, nrook_uturn, uniq_natasha,
          uniq_terence, uniq_iyjb

Action                   || total
-------------------------++-------
Melee: Hand axe          ||    97
Invok: Depart the Abyss  ||     1
  Use: Potion            ||     4
  Eat: Chunk             ||     2
